 Dungeon Crawl Stone Soup version 0.26-a0-720-g2a1d101370 (webtiles) character file.

Game seed: 15642035871030009092

58 Zonian the Ducker (level 3, -1/17 HPs)
             Began as a Spriggan Transmuter on Nov 2, 2020.
             Slain by a hobgoblin
             ... wielding a +0 club
              (5 damage)
             ... on level 3 of the Dungeon on Nov 3, 2020.
             The game lasted 00:05:49 (3499 turns).

Zonian the Ducker (Spriggan Transmuter)             Turns: 3499, Time: 00:05:50

Health: -1/17      AC:  2    Str:  4 (6)  XL:     3   Next: 75%
Magic:  7/8        EV: 19    Int: 13 (14) God:
Gold:   105        SH:  0    Dex: 16 (17) Spells: 7/8 levels left

rFire    . . .     SeeInvis +   e - +0 dagger
rCold    + . .     Faith    .   (shield restricted)
rNeg     . . .     Spirit   .   a - +0 robe
rPois    +         Reflect  .   (helmet currently unavailable)
rElec    .         Harm     .   (no cloak)
rCorr    .         Rampage  .   (gloves unavailable)
MR       .....                  (boots unavailable)
Stlth    ++........             (no amulet)
HPRegen  0.05/turn              m - ring of protection from cold
MPRegen  0.11/turn              q - ring of poison resistance

@: brilliant, appendages, very quick
A: very small, unfitting armour, horns 2, talons 2, see invisible, speed 3
a: End Transformation


You were on level 3 of the Dungeon.
You had grown temporary horns.
You had grown temporary talons.
You visited 1 branch of the dungeon, and saw 3 of its levels.

You collected 105 gold pieces.

Inventory:

Hand Weapons
 e - a +0 dagger (weapon)
Missiles
 s - 19 sling bullets
Armour
 a - a +0 robe (worn)
Jewellery
 m - a ring of protection from cold (left hand)
 q - a ring of poison resistance (right hand)
Wands
 c - a wand of flame (15)
Scrolls
 b - a scroll of noise {unknown}
 d - 2 scrolls of remove curse {unknown}
 i - a scroll of immolation {unknown}
 j - 2 scrolls of teleportation {unknown}
 k - 2 scrolls of amnesia {unknown}
 n - 2 scrolls of random uselessness {unknown}
 o - a scroll of blinking {unknown}
 p - a scroll of magic mapping {unknown}
 t - a scroll of enchant armour {unknown}
Potions
 g - a potion of flight {unknown}
 h - a potion of magic
 l - a potion of lignification {unknown}
 r - a potion of degeneration


   Skills:
 - Level 0.7 Fighting
 + Level 1.4 Short Blades
 + Level 3.6 Dodging
 + Level 2.0 Stealth
 - Level 2.4 Unarmed Combat
 + Level 3.3 Spellcasting
 + Level 3.5 Transmutations


You had 7 spell levels left.
You knew the following spells:

 Your Spells              Type           Power        Failure   Level
a - Beastly Appendage     Tmut           ###...       5%          1

Your spell library contained the following spells:

 Spells                   Type           Power        Failure   Level
 Wereblood                Tmut           ###.....     8%          2
 Spider Form              Tmut/Pois      ##........   32%         3
 Ice Form                 Ice/Tmut       ##......     71%         4
 Blade Hands              Tmut           ###.......   82%         5


Dungeon Overview and Level Annotations

Branches:
Dungeon (3/15)

Altars:

Annotations:
D:3 Ijyb


Innate Abilities, Weirdness & Mutations

You are very small and have problems with some larger weapons.
You are too small for most types of armour.
You have supernaturally acute eyesight. (SInv)
You cover ground extremely quickly.
You have a pair of horns on your head.
You have razor-sharp toenails.


Message History

* * * LOW HITPOINT WARNING * * *
You hit the hobgoblin but do no damage.
You punch the hobgoblin, but do no damage.
The hobgoblin is moderately wounded.
The hobgoblin hits you but does no damage.
You hit the hobgoblin but do no damage.
You claw the hobgoblin, but do no damage.
You headbutt the hobgoblin, but do no damage.
The hobgoblin is moderately wounded.
It was a potion of brilliance.
You feel clever all of a sudden. The hobgoblin barely misses you.
You hit the hobgoblin.
You headbutt the hobgoblin, but do no damage.
The hobgoblin is heavily wounded.
The hobgoblin completely misses you.
You hit the hobgoblin but do no damage. Your kick misses the hobgoblin.
The hobgoblin is heavily wounded.
The hobgoblin hits you with a +0 club.
You die...

#.# #####.#####.#
##.##.........
##.######...#..#####.#
#...)...........##
##.###.##........#
#b###.##...## #g#
#.....## #@# ####..#
#.# #..# #.# #..# #..
.... ###


You could see a hobgoblin and a bat.

Vanquished Creatures
  An adder (D:2)
  A worm (D:2)
  A dart slug (D:1)
  2 leopard geckos
  2 orcs (D:3)
  4 giant cockroaches
  6 goblins
  7 hobgoblins
  2 bats (D:2)
  3 kobolds (D:2)
  8 rats
37 creatures vanquished.

Notes
Turn   | Place    | Note
-------+----------+-------------------------------------------
     0 | D:1      | Zonian the Spriggan Transmuter began the quest for the Orb.
     0 | D:1      | Reached XP level 1. HP: 9/9 MP: 5/5
   629 | D:1      | Reached skill level 1 in Stealth
   629 | D:1      | Reached XP level 2. HP: 9/14 MP: 6/6
  1102 | D:2      | Reached skill level 1 in Short Blades
  1258 | D:2      | Reached XP level 3. HP: 8/17 MP: 6/8
  1974 | D:2      | Upgraded the game from 0.26-a0-712-ga5a9c9c9d0 to
                  | 0.26-a0-720-g2a1d101370
  3125 | D:3      | Noticed Ijyb
  3499 | D:3      | Slain by a hobgoblin

Illustrated notes

Levels and vault maps discovered:
D:1:      giann_forest_graveyard, layout_basic
D:2:      layout_basic
D:3:      layout_loops_corners, lightli_temple_of_fire,
          ebering_ghost_disaster_area, chequers_serial_rivers_room_a, uniq_ijyb

Skill      XL: |  1  2  3 |
---------------+----------+-----
Stealth        | 1 2 |  2.0
Transmutations | 3 |  3.5
Spellcasting   | 3 |  3.3
Short Blades   | 1 |  1.4
Fighting       | |  0.7
Dodging        | |  3.6
Unarmed Combat | |  2.4

Action                   || total
-------------------------++-------
Melee: Dagger            ||   206
       Unarmed           ||     2
       Headbutt          ||    15
       Kick              ||    19
       Punch             ||     4
 Cast: Beastly Appendage ||    26
  Use: Potion            ||     6
 Stab: Distracted        ||     1
       Sleeping          ||     6
Armor: Robe              ||    20
Dodge: Dodged            ||   157

Table legend: (Time is in decaauts)
 A = Elapsed time spent in this place.
 B = Non-inter-level travel time spent in this place.
 C = Inter-level travel time spent in this place.
 D = Time resting spent in this place.
 E = Time spent auto-exploring this place.
 F = Levels seen in this place.
 G = Mean time per level.
                   A        B        C        D        E       F      G
               +--------+--------+--------+--------+--------+-----+--------+
         Total |   2954 |   2924 |     30 |   1410 |   1081 |   3 |  984.7 |
       Dungeon |   2954 |   2924 |     30 |   1410 |   1081 |   3 |  984.7 |
               +--------+--------+--------+--------+--------+-----+--------+

Top non-repeatable levels by time:
     D:2: 2064 daAuts
     D:1: 764 daAuts
     D:3: 125 daAuts
